 Dungeon Crawl Stone Soup version 0.21.1-68-g103a7af (webtiles) character file.

31590 Sermion the Fencer (level 13, -7/119 HPs)
             Began as a Minotaur Berserker on Aug 2, 2018.
             Was the Champion of Trog.
             Mangled by an ice devil (14 damage)
             ... summoned by an orc high priest
             ... on level 1 of the Elven Halls.
             The game lasted 01:40:55 (14332 turns).

Sermion the Fencer (Minotaur Berserker)            Turns: 14332, Time: 01:40:56

Health: -7/119     AC:  0    Str: 34    XL:     13   Next: 26%
Magic:  0/12       EV: 10    Int:  7    God:    Trog [******]
Gold:   395        SH: 14    Dex: 10    Spells: 12/12 levels left

rFire    . . .     SeeInvis .   z - +8 scimitar of the Realm of Zot {slice, Str+4 Int+3}
rCold    . . .     Gourm    .   T - +2 shield
rNeg     + . .     Faith    .   H - +2 chain mail {MR+}
rPois    .         Spirit   +   w - +1 hat
rElec    .         Reflect  .   (no cloak)
rCorr    .         Harm     .   (no gloves)
MR       .....                  (no boots)
Stlth    ..........             t - amulet of guardian spirit
HPRegen  0.29/turn              I - ring of positive energy
MPRegen  0.13/turn              s - +3 ring of strength

@: vulnerable, corroded
A: retaliatory headbutt, horns 2
a: Berserk, Trog's Hand, Brothers in Arms, Burn Spellbooks, Renounce Religion


You were on level 1 of the Elven Halls.
You worshipped Trog.
Trog was exalted by your worship.
You were not hungry.

You visited 5 branches of the dungeon, and saw 16 of its levels.

You collected 1745 gold pieces.
You spent 1350 gold pieces at shops.

Inventory:

Hand Weapons
 a - a +1 hand axe
 r - a +2 dire flail of protection
 u - a +3 antimagic flail
 z - the +8 scimitar of the Realm of Zot (weapon) {slice, Str+4 Int+3}
   (You found it on level 4 of the Dungeon)

   It inflicts extra damage upon your enemies.
   It affects your strength (+4).
   It affects your intelligence (+3).
 A - the +8 executioner's axe of the Butterfly {drain, +Rage rElec rC+ Str+4, unknown}
   (You found it on level 11 of the Dungeon)

   A truly terrible weapon, it drains the life of those it strikes.
   It affects your strength (+4).
   It protects you from cold.
   It insulates you from electricity.
   It lets you go berserk.
 N - a +0 vampiric whip
 R - a +4 great sword of flaming
 V - a +1 battleaxe
Missiles
 e - 229 arrows
 h - 330 stones (quivered)
 i - 8 needles of sleeping
 p - 2 throwing nets
 y - 3 silver tomahawks
Armour
 n - a +1 plate armour of fire resistance
 w - a +1 hat (worn)
 H - a +2 chain mail of magic resistance (worn)
 T - a +2 shield (worn)
 U - a +1 scale mail of fire resistance
Magical Staves
 E - an uncursed staff of conjuration {unknown}
Jewellery
 b - an uncursed amulet of harm
 s - a +3 ring of strength (right hand)
 t - an amulet of guardian spirit (around neck)
 I - a ring of positive energy (left hand)
Wands
 f - a wand of polymorph (30)
 F - a wand of flame (36)
 M - a wand of acid (8)
 O - a wand of paralysis (10)
Scrolls
 d - 8 scrolls of teleportation
 g - a scroll of identify
 m - 2 scrolls of magic mapping
 J - 2 scrolls of remove curse
 K - a scroll of fear
Potions
 j - a potion of lignification {unknown}
 k - 2 potions of flight {unknown}
 l - 2 potions of mutation
 o - a potion of curing
 q - a potion of berserk rage {unknown}
 v - 2 potions of cancellation {unknown}
 x - a potion of agility
 B - a potion of invisibility {unknown}
 C - 4 potions of might
 D - 2 potions of resistance {unknown}
 G - 2 potions of degeneration {unknown}
Comestibles
 c - 14 rations


   Skills:
 + Level 12.9 Fighting
 + Level 16.2 Long Blades
 + Level 6.4 Axes
 + Level 1.4 Throwing
 + Level 12.4 Armour
 + Level 5.4 Dodging
 + Level 2.0 Stealth
 + Level 8.0 Shields


You had 12 spell levels left.
You didn't know any spells.

Dungeon Overview and Level Annotations

Branches:
Dungeon (11/15)            Temple (1/1) D:5            Lair (1/6) D:8
    Orc (2/2) D:11            Elf (1/3) Orc:2

Altars:
Ashenzari
Cheibriados
Elyvilon
Fedhas
Gozag
Hepliaklqana
Kikubaaqudgha
Makhleb
Nemelex Xobeh
Okawaru
Qazlal
Ru
Sif Muna
Trog
Uskayaw
Vehumet
Yredelemnul
Zin
The Shining One

Shops:
D:4 [   D:9 [   D:11 (   Orc:2 }[(=

Annotations:
D:11 2 runed doors


Innate Abilities, Weirdness & Mutations

You reflexively headbutt those who attack you in melee.
You have a pair of horns on your head.


Message History

Trog appreciates your killing of a magic user.
You closely miss the ice devil. Your headbutt misses the ice devil.
You block the ice devil's attack.
You hit the ice devil but do no damage.
The orc warrior hits you from afar with a halberd!
You are too injured to fight recklessly!
You are too injured to fight recklessly!
You are too injured to fight recklessly!
You are too injured to fight recklessly!
Your chain mail prevents you from hitting the ice devil.
You headbutt the ice devil, but do no damage.
The ice devil hits you! The ice devil freezes you!!
* * * LOW HITPOINT WARNING * * *
The orc warrior hits you from afar with a halberd!!
* * * LOW HITPOINT WARNING * * *
The orc sorcerer gestures wildly while chanting.
You feel better. The ice devil hits you.
* * * LOW HITPOINT WARNING * * *
The ice devil freezes you!
You die...

#.....## ###.....'##
.......+ #.........#
...)...# #.........'
...)...+ +.o.......#
.......## #.o4......#
.......)## ##§o4......#
#.....##.#########o4†...#
##.....##.#.....#4###.###
#.....###'.....@## #
#.._..# #.......#
#.....###.......##
#................#
##.######.......##
#.......# #'#.....##
#.##.....# #'# #######


You could see an orange demon, 2 ice devils, a rust devil, an orc sorcerer and
an orc warrior.

Vanquished Creatures
  A deep elf sorcerer (Elf:1)
  2 two-headed ogres
  An ogre mage (D:11)
  A dancing weapon (Elf:1)
  3 orc high priests (Orc:2)
  2 deep elf knights (Elf:1)
  3 unseen horrors (D:11)
  2 deep elf archers (Elf:1)
  A wizard (Elf:1)
  4 orc knights
  6 deep elf magi (Elf:1)
  An ugly thing (D:11)
  A manticore (D:11)
  A cyclops (Orc:2)
  3 orc sorcerers (Orc:2)
  A centaur skeleton (D:11)
  3 trolls
  A meliai (D:11)
  Prince Ribbit (D:6)
  A slime creature (D:11)
  3 hippogriffs
  Sigmund (D:4)
  A water elemental (Elf:1)
  2 wyverns
  10 yaks
  A human (D:8)
  A vampire mosquito (D:11)
  Eustachio (D:6)
  3 hogs (D:8)
  Edmund (D:5)
  A water moccasin (D:10)
  2 wargs
  2 hell hounds (D:8)
  A black bear (shapeshifter) (D:10)
  33 orc warriors
  A phantom (D:5)
  An eye of draining (shapeshifter) (Elf:1)
  5 ice beasts
  3 sky beasts
  9 ogres
  A boggart (Elf:1)
  8 centaurs
  2 big kobolds
  4 bullfrogs
  5 scorpions
  A water moccasin skeleton (D:9)
  5 killer bees (D:7)
  4 howler monkeys
  4 crimson imps
  2 quasits
  2 jellies
  25 orc wizards
  27 orc priests
  A gnoll shaman (D:6)
  7 hounds
  2 bullfrog skeletons
  4 iguanas
  3 worker ants
  A killer bee zombie (D:10)
  A hound zombie (D:6)
  A hound skeleton (D:3)
  A worker ant zombie (D:9)
  7 adders
  6 gnolls
  A shadow imp (D:10)
  4 adder zombies
  A dart slug (D:1)
  3 leopard geckos
  91 orcs
  4 giant cockroaches
  17 goblins
  13 hobgoblins
  11 jackals
  5 quokkas
  2 ball pythons (D:4)
  7 bats
  7 frilled lizards
  A jackal zombie (D:7)
  8 kobolds
  A quokka skeleton (D:4)
  8 rats
429 creatures vanquished.

Vanquished Creatures (collateral kills)
  2 orc knights (Orc:2)
  An orc sorcerer (Orc:2)
  An orc wizard (Orc:2)
4 creatures vanquished.

Vanquished Creatures (others)
  A deep elf mage (Elf:1)
  An orc priest (Orc:2)
2 creatures vanquished.

Grand Total: 435 creatures vanquished

Notes
Turn   | Place    | Note
-------+----------+-------------------------------------------
     0 | D:1      | Sermion the Minotaur Berserker began the quest for the Orb.
     0 | D:1      | Reached XP level 1. HP: 19/19 MP: 0/0
   220 | D:1      | Reached XP level 2. HP: 15/27 MP: 1/1
  1227 | D:2      | Reached XP level 3. HP: 32/33 MP: 2/2
  1305 | D:2      | Reached ** piety under Trog
  1396 | D:2      | Found a sparkling altar of Nemelex Xobeh.
  1682 | D:3      | Reached skill level 1 in Throwing
  1682 | D:3      | Reached XP level 4. HP: 33/41 MP: 3/3
  1814 | D:3      | Found a sacrificial altar of Ru.
  1878 | D:3      | Reached skill level 5 in Axes
  2091 | D:3      | Reached XP level 5. HP: 43/47 MP: 4/4
  2113 | D:3      | Found a faded altar of an unknown god.
  2419 | D:4      | Got a pitted scimitar
  2420 | D:4      | Identified the +8 scimitar of the Realm of Zot {slice, Str+4 Int+3} (You found it on level 4 of the Dungeon)
  2456 | D:4      | Reached *** piety under Trog
  2688 | D:4      | Noticed Sigmund
  2696 | D:4      | Killed Sigmund
  2696 | D:4      | Reached skill level 5 in Fighting
  2696 | D:4      | Reached skill level 1 in Long Blades
  2696 | D:4      | Reached skill level 1 in Stealth
  2696 | D:4      | Reached XP level 6. HP: 56/56 MP: 5/5
  2765 | D:4      | Found a sand-covered staircase.
  2982 | D:4      | Found Azoe's Antique Armour Emporium.
  2990 | D:4      | Bought a shiny chain mail for 210 gold pieces
  3106 | D:5      | Entered Level 5 of the Dungeon
  3147 | D:5      | Noticed a sky beast
  3157 | D:5      | Killed a sky beast
  3157 | D:5      | Reached skill level 2 in Long Blades
  3157 | D:5      | Reached XP level 7. HP: 61/61 MP: 6/6
  3398 | D:5      | Found a staircase to the Ecumenical Temple.
  3412 | Temple   | Entered the Ecumenical Temple
  3481 | D:5      | Reached skill level 3 in Long Blades
  3481 | D:5      | Reached skill level 5 in Armour
  3809 | D:5      | Noticed Edmund
  3812 | D:5      | Killed Edmund
  3812 | D:5      | Reached skill level 4 in Long Blades
  3895 | D:5      | Reached XP level 8. HP: 47/70 MP: 7/7
  4078 | D:5      | Reached skill level 5 in Long Blades
  4358 | D:5      | Found a burning altar of Makhleb.
  4449 | D:6      | Reached **** piety under Trog
  4469 | D:6      | Reached skill level 6 in Long Blades
  4476 | D:6      | Noticed Eustachio
  4483 | D:6      | Killed Eustachio
  4519 | D:6      | Reached skill level 7 in Long Blades
  4590 | D:6      | Found a hide-covered altar of Uskayaw.
  4591 | D:6      | Found a deep blue altar of Sif Muna.
  4594 | D:6      | Found a snail-covered altar of Cheibriados.
  4594 | D:6      | Found a glowing golden altar of the Shining One.
  4594 | D:6      | Found a glowing silver altar of Zin.
  4594 | D:6      | Found a stormy altar of Qazlal.
  4595 | D:6      | Found a radiant altar of Vehumet.
  4595 | D:6      | Noticed Prince Ribbit
  4605 | D:6      | Killed Prince Ribbit
  4607 | D:6      | Reached skill level 8 in Long Blades
  4607 | D:6      | Reached XP level 9. HP: 64/79 MP: 8/8
  4869 | D:6      | Found an iron altar of Okawaru.
  5158 | D:7      | Reached skill level 9 in Long Blades
  5801 | D:7      | Found an opulent altar of Gozag.
  5804 | D:7      | Found a white marble altar of Elyvilon.
  5952 | D:8      | Found a staircase to the Lair.
  6106 | D:8      | Reached ***** piety under Trog
  6228 | D:8      | Reached skill level 10 in Long Blades
  6268 | D:8      | Reached skill level 11 in Long Blades
  6268 | D:8      | Reached XP level 10. HP: 65/89 MP: 9/9
  6822 | Lair:1   | Entered Level 1 of the Lair of Beasts
  6896 | Lair:1   | Noticed a five-headed hydra
  7358 | D:9      | Found Vanulame's Armour Shoppe.
  7367 | D:9      | Bought a +2 shield for 264 gold pieces
  7649 | D:10     | Entered Level 10 of the Dungeon
  7712 | D:10     | Reached skill level 12 in Long Blades
  7926 | D:10     | Reached skill level 1 in Shields
  8121 | D:10     | Noticed a two-headed ogre
  8128 | D:10     | Killed a two-headed ogre
  8229 | D:10     | Received a gift from Trog
  8521 | D:10     | Reached skill level 13 in Long Blades
  8524 | D:10     | Noticed an orc knight
  8524 | D:10     | Reached XP level 11. HP: 79/99 MP: 10/10
  8531 | D:10     | Killed an orc knight
  8659 | D:10     | Reached skill level 10 in Fighting
  8960 | D:11     | Found a large runed door.
  8960 | D:11     | Found a large runed door.
  8976 | D:11     | Found Vuovos's Weapon Shop.
  8978 | D:11     | Found a staircase to the Orcish Mines.
  9005 | D:11     | Reached skill level 10 in Armour
  9083 | D:11     | Noticed a cyan ugly thing
  9093 | D:11     | Killed a cyan ugly thing
  9537 | D:11     | Received a gift from Trog
  9987 | D:11     | Found a large runed door.
  9987 | D:11     | Found a large runed door.
 10000 | D:11     | Noticed an ogre mage
 10002 | D:11     | Reached skill level 14 in Long Blades
 10008 | D:11     | Killed an ogre mage
 10013 | D:11     | Got a twisted executioner's axe
 10115 | D:11     | Noticed a two-headed ogre
 10119 | D:11     | Killed a two-headed ogre
 10123 | D:11     | Reached skill level 5 in Shields
 10130 | D:11     | Killed an unseen horror
 10201 | D:11     | Killed an unseen horror
 10223 | D:11     | Killed an unseen horror
 10223 | D:11     | Reached XP level 12. HP: 95/110 MP: 11/11
 10273 | Orc:1    | Entered Level 1 of the Orcish Mines
 11808 | Orc:2    | Entered Level 2 of the Orcish Mines
 11828 | Orc:2    | Found a staircase to the Elven Halls.
 11878 | Orc:2    | Found Cietzu's Book Emporium.
 11886 | Orc:2    | Reached skill level 15 in Long Blades
 11887 | Orc:2    | Received a gift from Trog
 12335 | Orc:2    | Reached skill level 5 in Dodging
 12404 | Orc:2    | Found Hycuiwn's Jewellery Boutique.
 12409 | Orc:2    | Noticed an orc high priest
 12420 | Orc:2    | Noticed an orc high priest
 12890 | Orc:2    | Noticed an orc high priest
 12902 | Orc:2    | Killed an orc high priest
 12930 | Orc:2    | Killed an orc high priest
 13056 | Orc:2    | Killed an orc high priest
 13064 | Orc:2    | Found Seh Vito's Gadget Boutique.
 13401 | Orc:2    | Found Doirauz's Antique Armour Emporium.
 13407 | Orc:2    | Found Gilugg's Antique Weapon Emporium.
 13427 | Orc:2    | Bought a glowing plate armour for 546 gold pieces
 13447 | Orc:2    | Bought an uncursed amulet of guardian spirit for 330 gold pieces
 13559 | Elf:1    | Entered Level 1 of the Elven Halls
 13890 | Elf:1    | Reached skill level 16 in Long Blades
 13902 | Elf:1    | Reached ****** piety under Trog
 13902 | Elf:1    | Reached XP level 13. HP: 67/119 MP: 6/12
 14052 | Elf:1    | Noticed a deep elf sorcerer
 14067 | Elf:1    | Killed a deep elf sorcerer
 14082 | Elf:1    | Found a deep blue altar of Sif Muna.
 14086 | Elf:1    | Received a gift from Trog
 14331 | Elf:1    | HP: 4/119 [orc warrior/halberd[an orc high priest] (23)]
 14332 | Elf:1    | Mangled by an ice devil

Skill      XL: |  1  2  3  4  5  6  7  8  9 10 11 12 13 |
---------------+----------------------------------------+-----
Axes           | 4 5 6 |  6.4
Fighting       | 4 5 7 8 9 11 12 | 12.9
Throwing       | 1 |  1.4
Armour         | 3 4 5 7 8 9 10 12 | 12.4
Long Blades    | 1 2 4 8 11 13 14 16 | 16.2
Dodging        | 3 4 5 |  5.4
Stealth        | 1 2 |  2.0
Shields        | 2 5 7 8 |  8.0

Action                   |  1- 3 |  4- 6 |  7- 9 | 10-12 | 13-15 || total
-------------------------+-------+-------+-------+-------+-------++-------
Melee: Hand axe          |    82 |    76 |       |       |       ||   158
       Headbutt          |    11 |    20 |    28 |   103 |    18 ||   180
       Scimitar          |       |    29 |   178 |   419 |    70 ||   696
       Great sword       |       |       |       |    95 |       ||    95
Throw: Stone             |    17 |       |       |       |       ||    17
Invok: Burn Spellbooks   |       |       |     1 |     1 |       ||     2
       Brothers in Arms  |       |       |       |     1 |       ||     1
  Use: Scroll            |     7 |     3 |     8 |    15 |     2 ||    35
       Potion            |       |     2 |     2 |     5 |     1 ||    10
  Eat: Ration            |     1 |       |     3 |     7 |       ||    11
       Chunk             |       |     4 |     1 |     2 |       ||     7
Armor: Animal skin       |     5 |       |       |       |       ||     5
       Robe              |     7 |       |       |       |       ||     7
       Ring mail         |       |    30 |       |       |       ||    30
       Chain mail        |       |     8 |    66 |   200 |    11 ||   285
       Plate armour      |       |       |       |     2 |       ||     2
Dodge: Dodged            |    42 |    64 |    90 |   187 |     8 ||   391
Block: Shield            |       |       |       |   191 |    35 ||   226
       Rpst.: Scimitar   |       |     5 |    27 |    36 |     1 ||    69
       Great sword       |       |       |       |    17 |       ||    17
